 Dungeon Crawl Stone Soup version 0.22.0-6-g71bd7aa (webtiles) character file.

1398 schuay the Cleaver (level 8, -18/105 HPs)
             Began as a Minotaur Berserker on Aug 15, 2018.
             Was an Elder of Trog.
             Killed from afar by a fire dragon (60 damage)
             ... with a blast of flame
             ... on level 6 of the Dungeon.
             The game lasted 00:28:25 (5042 turns).

schuay the Cleaver (Minotaur Berserker)             Turns: 5042, Time: 00:28:27

Health: -18/105    AC: 14    Str: 29    XL:     8   Next: 41%
Magic:  7/7        EV:  9    Int:  4    God:    Trog [****..]
Gold:   422        SH:  3    Dex: 10    Spells: 7/7 levels left

rFire    x . .     SeeInvis .   n - +0 war axe
rCold    + . .     Gourm    .   I - +0 buckler
rNeg     + . .     Faith    .   D - +0 chain mail {rN+}
rPois    .         Spirit   .   f - +2 hat {MR+}
rElec    .         Reflect  .   v - +0 cloak
rCorr    .         Harm     .   (no gloves)
MR       +....                  h - +0 pair of boots
Stlth    ..........             (no amulet)
HPRegen  0.27/turn              d - ring of ice
MPRegen  0.10/turn              (no ring)

@: berserking, lethally poisoned (-18 -> -21), very quick
A: retaliatory headbutt, horns 2
a: Berserk, Trog's Hand, Brothers in Arms, Renounce Religion


You were on level 6 of the Dungeon.
You worshipped Trog.
Trog was greatly pleased with you.
You were very hungry.

You visited 1 branch of the dungeon, and saw 6 of its levels.
You also visited: Sewer.

You collected 422 gold pieces.

Inventory:

Hand Weapons
 a - a +0 hand axe
 g - a +0 hunting sling
 l - a +0 short sword
 m - a +1 dagger of pain
 n - a +0 war axe (weapon)
 q - a +0 hunting sling of velocity
 K - a cursed -1 quarterstaff
 N - a cursed +4 flail
 O - a +2 scimitar of freezing
Missiles
 i - 211 stones (quivered)
 o - 26 bolts
Armour
 b - a +0 animal skin
 f - a +2 hat of magic resistance (worn)
 h - a +0 pair of boots (worn)
 p - a cursed +0 robe
 r - a +0 scale mail
 t - a +0 ring mail
 v - a +0 cloak (worn)
 D - a +0 chain mail of positive energy (worn)
 I - a +0 buckler (worn)
 P - a +2 robe of resistance
Jewellery
 d - a ring of ice (left hand)
 u - an uncursed ring of protection from cold {unknown}
Wands
 G - a wand of paralysis (16)
Scrolls
 k - a scroll of magic mapping
 s - 3 scrolls of remove curse
 y - 2 scrolls of fog {unknown}
 C - 2 scrolls of identify
 J - a scroll of immolation {unknown}
 M - a scroll of teleportation
Potions
 e - 5 potions of curing
 j - 3 potions of magic
 w - 2 potions of haste {unknown}
 x - 2 potions of might {unknown}
 z - 5 potions of heal wounds {unknown}
 A - a potion of degeneration {unknown}
 B - 2 potions of lignification {unknown}
 F - 2 potions of agility {unknown}
 H - a potion of berserk rage {unknown}
 L - a potion of invisibility {unknown}
Comestibles
 c - 11 rations
 E - a chunk of flesh


   Skills:
 + Level 6.0 Fighting
 + Level 2.1 Short Blades
 + Level 8.0 Axes
 + Level 4.0 Throwing
 + Level 5.9 Armour
 + Level 4.0 Dodging
 + Level 0.6 Stealth
 + Level 0.1 Shields


You had 7 spell levels left.
You didn't know any spells.
Your spell library was empty.

Dungeon Overview and Level Annotations

Branches:
Dungeon (6/15)             Temple (0/1) D:5

Altars:
Cheibriados
Fedhas
Gozag
Kikubaaqudgha
Okawaru
Ru
Sif Muna
Trog
Vehumet
Zin

Annotations:
D:6 1 runed door, 1 transporter, digijack's ghost, novice FoNe


Innate Abilities, Weirdness & Mutations

You reflexively headbutt those who attack you in melee.
You have a pair of horns on your head.


Message History

You closely miss the sky beast. Your headbutt misses the sky beast.
The sky beast is severely wounded.
You slash the water moccasin!
You feel sick.
The water moccasin bites you but does no damage.
Your chain mail prevents you from hitting the fire dragon.
You headbutt the fire dragon!
The fire dragon is lightly wounded.
You slash the water moccasin!
You kill the water moccasin!
Trog accepts your kill.
Your Fighting skill increases to level 6!
Your Axes skill increases to level 8!
Your Throwing skill increases to level 4!
You slash the fire dragon!
The fire dragon is moderately wounded.
You closely miss the sky beast.
You feel sick. The sky beast barely misses you.
The fire dragon breathes flames at you. The blast of flame hits you!
The fire burns you terribly!
Ouch! That really hurt!
You die...

#.# #.# #.# #.# #.# .#
#.# #.# #.# ##.## .#
#.# #.# #.# ####
###...##.####<. ...
.... ###............#
#.. #
##.....©.....##.# # .#
#..#########/.# # .#
#.##8....Y8##.#
###.###.#....?sD@.#.#
.....##.#.##.©.##.#.#
###..##.#. #...# !#.#
#.....#.#........©#.#
#.#.....#.##...##.#...
....#.#.#. #...#
.#.### .....>..#.


/%$(% .#(. ........##8$._.$ ##..# #######..######## You could see a fire dragon,
a sky beast and a scorpion.

Vanquished Creatures
  2 water moccasins (D:6)
  An orc warrior (D:6)
  An ice beast (D:6)
  A sky beast (D:6)
  An ogre (D:5)
  2 phantoms
  3 wights (D:6)
  An orc priest (D:3)
  2 bullfrog skeletons (D:5)
  2 hounds (D:6)
  2 jellies (D:6)
  3 orc wizards
  8 adders
  A shadow imp (D:6)
  3 oozes
  An adder zombie (D:6)
  3 worms
  3 dart slugs
  4 leopard geckos
  20 orcs
  7 ball pythons
  7 bats
  6 giant cockroaches
  12 goblins
  9 hobgoblins
  8 jackals
  14 kobolds
  4 quokkas
  5 frilled lizards
  A jackal skeleton (D:5)
  10 rats
147 creatures vanquished.

Notes
Turn   | Place    | Note
-------+----------+-------------------------------------------
     0 | D:1      | schuay the Minotaur Berserker began the quest for the Orb.
     0 | D:1      | Reached XP level 1. HP: 19/19 MP: 0/0
   107 | D:1      | Reached skill level 4 in Axes
   107 | D:1      | Reached XP level 2. HP: 18/27 MP: 1/1
   284 | D:1      | Reached ** piety under Trog
   435 | D:1      | Reached XP level 3. HP: 33/33 MP: 2/2
   904 | D:2      | Reached skill level 5 in Axes
   904 | D:2      | Reached XP level 4. HP: 36/40 MP: 3/3
   988 | D:2      | Found an iron altar of Okawaru.
  1543 | D:3      | Reached *** piety under Trog
  1670 | D:3      | Reached skill level 1 in Short Blades
  1670 | D:3      | Reached XP level 5. HP: 47/47 MP: 4/4
  2228 | D:4      | Found a glowing drain.
  2232 | Sewer    | Entered a sewer
  2290 | Sewer    | Reached skill level 1 in Throwing
  2909 | D:4      | Found a glowing silver altar of Zin.
  2955 | D:4      | Found an opulent altar of Gozag.
  2955 | D:4      | Found a bloodstained altar of Trog.
  2955 | D:4      | Found an ancient bone altar of Kikubaaqudgha.
  3208 | D:4      | Found a blossoming altar of Fedhas.
  3208 | D:4      | Found a sacrificial altar of Ru.
  3543 | D:4      | Found a snail-covered altar of Cheibriados.
  3751 | D:5      | Entered Level 5 of the Dungeon
  3760 | D:5      | Found a radiant altar of Vehumet.
  3778 | D:5      | Reached XP level 6. HP: 53/53 MP: 5/5
  3974 | D:5      | Reached **** piety under Trog
  3974 | D:5      | Reached skill level 6 in Axes
  4350 | D:5      | Found a staircase to the Ecumenical Temple.
  4568 | D:6      | Noticed an ice beast
  4577 | D:6      | Killed an ice beast
  4577 | D:6      | Reached XP level 7. HP: 46/60 MP: 6/6
  4635 | D:6      | Reached skill level 5 in Fighting
  4703 | D:6      | Reached skill level 7 in Axes
  4703 | D:6      | Reached skill level 5 in Armour
  4708 | D:6      | Reached XP level 8. HP: 67/68 MP: 7/7
  4896 | D:6      | Noticed digijack's ghost (novice FoNe)
  4917 | D:6      | Found a runed door.
  5014 | D:6      | Found a transporter.
  5028 | D:6      | Found a transporter.
  5031 | D:6      | Noticed a fire dragon
  5031 | D:6      | Found a deep blue altar of Sif Muna.
  5041 | D:6      | Reached skill level 8 in Axes
  5042 | D:6      | Killed from afar by a fire dragon

Skill      XL: |  1  2  3  4  5  6  7  8 |
---------------+-------------------------+-----
Fighting       | 4 5 6 |  6.0
Axes           | 4 5 6 7 8 |  8.0
Dodging        | 3 4 |  4.0
Short Blades   | 1 2 |  2.1
Throwing       | 1 2 3 4 |  4.0
Armour         | 4 5 |  5.9
Stealth        | |  0.6
Shields        | |  0.1

Action                   |  1- 3 |  4- 6 |  7- 9 || total
-------------------------+-------+-------+-------++-------
Melee: Hand axe          |    47 |    91 |       ||   138
       Headbutt          |    13 |    30 |    11 ||    54
       Short sword       |    33 |    76 |       ||   109
       War axe           |       |    50 |    88 ||   138
Throw: Stone             |     9 |    76 |    16 ||   101
Invok: Berserk           |       |     1 |     2 ||     3
  Use: Scroll            |     2 |     4 |     1 ||     7
       Potion            |       |       |     2 ||     2
  Eat: Chunk             |       |     9 |     3 ||    12
       Ration            |       |     1 |       ||     1
Armor: Animal skin       |     7 |     7 |       ||    14
       Scale mail        |       |     3 |       ||     3
       Ring mail         |       |    37 |       ||    37
       Chain mail        |       |    24 |    31 ||    55
Dodge: Dodged            |    36 |   109 |    31 ||   176
Block: Buckler           |       |       |     8 ||     8
